 Dungeon Crawl Stone Soup version 0.30.1-11-g7821555f0a (webtiles) character file.

Game seed: 4482824781602629066

5645 Jerry the Grappler (level 10, -18/102 HPs)
             Began as a Troll Monk on Dec 10, 2023.
             Was a High Priest of Uskayaw.
             Demolished by a death yak (25 damage)
             ... on level 8 of the Dungeon.
             The game lasted 00:19:41 (6148 turns).

Jerry the Grappler (Troll Monk)                     Turns: 6148, Time: 00:19:42

Health: -18/102    AC:  7    Str: 24    XL:     10   Next: 46%
Magic:  9/9        EV: 18    Int:  5    God:    Uskayaw [*****.]
Gold:   517        SH:  0    Dex: 16    Spells: 9/9 levels left

rFire   + .          .
                       - Unarmed
rCold   + + .        c - orb {light}
rNeg    . . .        A - +2 robe {rF+}
rPois   .            (helmet restricted)
rElec   .            m - +1 cloak
rCorr   .            (gloves unavailable)
SInv    .            (boots unavailable)
Will    .....        (no amulet)
Stlth   +            d - ring of protection from cold
HPRegen 1.17/turn    p - +5 ring of evasion
MPRegen 0.11/turn

%: no passive effects
@: glowing
A: large, unfitting armour, claws 3, regeneration 1, shaggy fur 1, tough skin 1,
hooves 1, agile 1, cold resistance 1, deformed body
a: Renounce Religion, Stomp, Line Pass, Grand Finale


You were on level 8 of the Dungeon.
You worshipped Uskayaw.
Uskayaw was noncommittal.
You visited 2 branches of the dungeon, and saw 9 of its levels.
You also visited: Sewer and Ossuary.

You collected 517 gold pieces.

Inventory:

Armour
 c - an orb of light (worn)
 l - the scarf "Iliptuh" {+Inv, *Corrode rElec Will+ Str+6}
   (You found it in a sewer)

   Str:       It affects your strength (+6).
   rElec:     It insulates you from electricity.
   *Corrode:  It may corrode you when you take damage.
   Will:      It increases your willpower.
 m - a +1 cloak (worn)
 A - a +2 robe of fire resistance (worn)
 H - a +0 kite shield
Jewellery
 d - a ring of protection from cold (left claw)
 p - a +5 ring of evasion (right claw)
 x - a ring of resist corrosion
 y - a ring of magical power
 B - a ring of ice
Wands
 o - a wand of light (9)
 u - a wand of flame (32)
 E - a wand of roots (10)
 I - a wand of polymorph (17)
Scrolls
 g - a scroll of torment
 h - 2 scrolls of vulnerability
 n - a scroll of poison {unknown}
 s - 2 scrolls of magic mapping
 v - 2 scrolls of enchant armour
 D - 6 scrolls of fear
 J - 2 scrolls of immolation
 K - a scroll of teleportation
Potions
 a - a potion of berserk rage
 b - a potion of ambrosia
 e - 3 potions of lignification
 f - 2 potions of haste
 i - 2 potions of attraction
 j - 3 potions of brilliance
 k - 2 potions of resistance
 q - 3 potions of curing
 r - a potion of might
 t - a potion of invisibility
 w - 5 potions of heal wounds
 z - 2 potions of flight
 C - 2 potions of magic
 F - 2 potions of degeneration {unknown}
 G - a potion of cancellation {unknown}


   Skills:
 + Level 7.1 Fighting
 + Level 7.1 Dodging
 * Level 11.4 Unarmed Combat


You had 9 spell levels left.
You didn't know any spells.
Your spell library contained the following spells:

 Spells                   Type           Power      Damage    Failure   Level
 Blink                    Tloc           0%         N/A       63%         2
 Lesser Beckoning         Tloc           0%         N/A       63%         2
 Momentum Strike          Conj/Tloc      0%         3d8       63%         2
 Sublimation of Blood     Necr           0%         N/A       63%         2
 Wereblood                Tmut           0%         N/A       63%         2
 Summon Guardian Golem    Hex/Summ       0%         N/A       85%         3
 Orb of Destruction       Conj           0%         9d5       100%        7
 Spellforged Servitor     Conj/Summ      0%         N/A       100%        7
 Summon Hydra             Summ           0%         N/A       100%        7


Dungeon Overview and Level Annotations

Branches:
Dungeon (8/15)             Temple (1/1) D:5            Lair (0/5) D:8
  Sewer (visited)         Ossuary (visited)

Altars:
Cheibriados
Fedhas
Gozag
Hepliaklqana
Kikubaaqudgha
Makhleb
Nemelex Xobeh
Okawaru
Qazlal
Ru
Sif Muna
Trog
Uskayaw
Vehumet
Wu Jian
Xom
Zin
The Shining One

Annotations:
D:4 2 runed translucent doors, bimbombam's ghost, amateur MiFi


Innate Abilities, Weirdness & Mutations

You are too large for most types of armour.
You have claws for hands.
Your natural rate of healing is unusually fast.
You are covered in fur. (AC +1)
You have tough skin. (AC +1)
You have large cloven feet.
You are agile. (Dex +4, Str/Int -1)
Your flesh is cold resistant. (rC+)
Armour fits poorly on your strangely shaped body.


Message History

The death yak is heavily wounded.
You claw the death yak!
You kick the death yak, but do no damage.
The death yak is severely wounded.
The death yak completely misses you.
You mangle the death yak!!
The death yak is almost dead.
The death yak gores you!
Uskayaw will force your foes to helplessly watch your dance.
Uskayaw prepares the audience for your solo!
The helpless death yak fails to defend itself.
You claw the death yak!
You kill the death yak!
The death yak is no longer paralysed.
Your life force feels restored.
Your Dodging skill increases to level 7!
You scratch the death yak but do no damage.
The death yak completely misses you.
You mangle the death yak!!
The death yak is moderately wounded.
Uskayaw will force your foes to share their pain.
You scratch the death yak.
The death yak is moderately wounded.
The death yak gores you!!
* * * LOW HITPOINT WARNING * * *
You claw the death yak!
You kick the death yak, but do no damage.
The death yak is heavily wounded.
The death yak gores you.
* * * LOW HITPOINT WARNING * * *
You mangle the death yak!!
The death yak is severely wounded.
The death yak gores you!!
* * * LOW HITPOINT WARNING * * *
You can now merge with and destroy a victim.
You scratch the death yak but do no damage.
You kick the death yak, but do no damage.
The death yak is severely wounded.
The death yak gores you!!
You die...

. #....##.....................#.
..##.##..##......................
......#.....>....................
#....................#.#.......
###..................# ##......
##........##......). ##.......
.###.......#.##..#.... .........
(................#..# .........
....##....###...@#..# .#.......
..#.##.....##..##Y.####.####..#..
..#.#.###.†#............#.#...#..
. #......).....##...#.........#.#
#.......##....#..##............
#........###...................
........#####................##
.............#..........#.....
.#....#.....#............Y..


You could see a death yak.

Vanquished Creatures
  2 death yaks (D:8)
  Pikel (D:4)
  Joseph (D:7)
  A hornet (D:8)
  Prince Ribbit (D:8)
  A wraith (Ossuary)
  Eustachio (D:5)
  2 steam dragons
  Menkaure (D:5)
  Duvessa (D:5)
  A water moccasin (D:6)
  Pargi (Sewer)
  3 ice beasts
  3 black bears
  5 centaurs
  4 lemures (D:4)
  A gnoll sergeant (D:6)
  3 scorpions
  A bullfrog (D:8)
  A wight (D:8)
  Dowan (D:5)
  2 howler monkeys
  A jelly (D:7)
  An orc priest (D:5)
  6 hounds
  2 gnoll boudas
  A sleepcap (D:7)
  Jessica (D:2)
  Terence (D:2)
  Natasha (thrice) (D:2)
  3 iguanas
  An orc wizard (D:6)
  2 mummies
  12 gnolls
  3 river rats (D:8)
  6 adders
  A shadow imp (D:6)
  An ufetubus (D:5)
  2 worms
  2 dart slugs
  11 orcs
  7 endoplasms
  5 giant cockroaches
  10 goblins
  12 hobgoblins
  3 jackals (D:2)
  12 kobolds
  3 quokkas
  11 ball pythons
  5 bats
  5 frilled lizards
  8 gnoll skeletons (Ossuary)
  7 kobold skeletons (Ossuary)
  A kobold zombie (D:7)
  10 orc skeletons (Ossuary)
  An orc zombie (D:7)
  5 rats
203 creatures vanquished.

Notes
Turn   | Place    | Note
-------+----------+-------------------------------------------
     0 | D:1      | Jerry the Troll Monk began the quest for the Orb.
     0 | D:1      | Reached XP level 1. HP: 22/22 MP: 0/0
   135 | D:1      | Reached XP level 2. HP: 28/29 MP: 1/1
   537 | D:2      | Reached XP level 3. HP: 36/36 MP: 2/2
   537 | D:2      | Noticed Jessica
   543 | D:2      | Killed Jessica
   622 | D:2      | Reached XP level 4. HP: 45/45 MP: 3/3
   754 | D:2      | Noticed Natasha
   757 | D:2      | Killed Natasha
   758 | D:2      | Reached skill level 4 in Unarmed Combat
   861 | D:2      | Noticed Natasha
   872 | D:2      | Killed Natasha
   873 | D:2      | Reached XP level 5. HP: 51/53 MP: 4/4
   883 | D:2      | Noticed Natasha
   888 | D:2      | Killed Natasha
   988 | D:2      | Noticed Terence
   995 | D:2      | Killed Terence
  1383 | D:3      | Found an iron altar of Okawaru.
  1449 | D:3      | Found a hide-covered altar of Uskayaw.
  1466 | D:3      | Became a worshipper of Uskayaw the Reveller
  1466 | D:3      | Reached * piety under Uskayaw
  1826 | D:3      | Found a faded altar of an unknown god.
  1884 | D:4      | Found a runed translucent door.
  1942 | D:4      | Reached ** piety under Uskayaw
  1943 | D:4      | Reached XP level 6. HP: 44/60 MP: 5/5
  2122 | D:4      | Reached skill level 5 in Unarmed Combat
  2180 | D:4      | Noticed Pikel
  2195 | D:4      | Reached *** piety under Uskayaw
  2200 | D:4      | Reached **** piety under Uskayaw
  2207 | D:4      | Reached ***** piety under Uskayaw
  2215 | D:4      | Reached ****** piety under Uskayaw
  2225 | D:4      | Killed Pikel
  2226 | D:4      | Reached skill level 6 in Unarmed Combat
  2226 | D:4      | Reached XP level 7. HP: 26/71 MP: 6/6
  2532 | D:4      | Found a runed translucent door.
  2534 | D:4      | Noticed bimbombam's ghost (amateur MiFi)
  2798 | D:5      | Entered Level 5 of the Dungeon
  2798 | D:5      | Noticed Duvessa
  2798 | D:5      | Noticed Dowan
  2808 | D:5      | Killed Duvessa
  2809 | D:5      | Reached skill level 7 in Unarmed Combat
  2809 | D:5      | Reached XP level 8. HP: 69/79 MP: 7/7
  2813 | D:5      | Killed Dowan
  2829 | D:5      | Found a glowing drain.
  2830 | D:5      | Noticed Eustachio
  2838 | D:5      | Killed Eustachio
  2865 | Sewer    | Entered a sewer
  2925 | Sewer    | Noticed Pargi
  2929 | Sewer    | Killed Pargi
  2930 | Sewer    | Reached skill level 5 in Fighting
  2930 | Sewer    | Reached skill level 5 in Dodging
  2957 | Sewer    | Identified the scarf "Iliptuh" {+Inv, *Corrode rElec Will+
                  | Str+6}
  3112 | D:5      | Noticed Menkaure
  3115 | D:5      | Found a staircase to the Ecumenical Temple.
  3123 | D:5      | Killed Menkaure
  3124 | D:5      | Reached skill level 8 in Unarmed Combat
  3155 | Temple   | Entered the Ecumenical Temple
  3669 | D:5      | Identified the +6 dagger of Impatience {freeze, rC+}
  3877 | D:6      | Reached XP level 9. HP: 88/88 MP: 8/8
  3998 | D:6      | Reached skill level 9 in Unarmed Combat
  4045 | D:6      | Found a sacrificial altar of Ru.
  4049 | D:6      | Found an ancient bone altar of Kikubaaqudgha.
  4648 | D:7      | Found a sand-covered staircase.
  4654 | Ossuary  | Entered an ossuary
  4841 | Ossuary  | Gained mutation: You occasionally shout uncontrollably at
                  | your foes. [potion of mutation]
  4841 | Ossuary  | Gained mutation: Armour fits poorly on your strangely
                  | shaped body. [potion of mutation]
  4841 | Ossuary  | Gained mutation: You have a pair of small antennae on your
                  | head. [potion of mutation]
  4842 | Ossuary  | Lost mutation: You have a pair of small antennae on your
                  | head. [potion of mutation]
  4842 | Ossuary  | Lost mutation: You occasionally shout uncontrollably at
                  | your foes. [potion of mutation]
  4842 | Ossuary  | Gained mutation: You have large cloven feet. [potion of
                  | mutation]
  4842 | Ossuary  | Gained mutation: Your flesh is cold resistant. (rC+)
                  | [potion of mutation]
  4842 | Ossuary  | Gained mutation: You are agile. (Dex +4, Str/Int -1)
                  | [potion of mutation]
  5050 | D:7      | Reached skill level 10 in Unarmed Combat
  5094 | D:7      | Noticed Joseph
  5105 | D:7      | Killed Joseph
  5871 | D:8      | Noticed a death yak
  5892 | D:8      | Killed a death yak
  5893 | D:8      | Reached XP level 10. HP: 100/100 MP: 9/9
  6051 | D:8      | Reached skill level 11 in Unarmed Combat
  6077 | D:8      | Noticed Prince Ribbit
  6084 | D:8      | Killed Prince Ribbit
  6108 | D:8      | Found a staircase to the Lair.
  6121 | D:8      | Noticed a death yak
  6121 | D:8      | Noticed a death yak
  6142 | D:8      | Killed a death yak
  6148 | D:8      | Demolished by a death yak

Illustrated notes

Levels and vault maps discovered:
D:1:      dpeg_arrival_round_c, layout_basic
D:2:      layout_rooms, guppyfry_early_orc_mine, uniq_natasha, uniq_terence,
          uniq_jessica
D:3:      minmay_general_purpose_star, layout_basic, okawaru_gym_becter,
          lemuel_tele_altar, shapermc_ecumenical_altar_hornbeckon, hex_large
D:4:      layout_gridville, ebering_ghost_sewer_f, uniq_pikel
D:5:      layout_loops_ring, minmay_temple_entry_large_hall,
          gup_sewer_entry_glass, corexii_item_surrounded_by_moat,
          uniq_eustachio, uniq_menkaure, uniq_duvessa
D:6:      layout_basic, nicolae_overflow_hidden_temple,
          chequers_temple_overflow_statue_of_worship
D:7:      layout_basic, nicolae_ossuary_entry_giza, uniq_joseph
D:8:      layout_cave_pools, dpeg_lair_monsters, minmay_fractal_squares_5,
          uniq_prince_ribbit1
Temple:   jpeg_temple_clearing

Skill      XL: |  1  2  3  4  5  6  7  8  9 10 |
---------------+-------------------------------+-----
Fighting       | 3 4 5 6 7 |  7.1
Dodging        | 3 4 5 6 7 |  7.1
Unarmed Combat | 4 6 7 8 10 11 | 11.4

Action                     |  1- 3 |  4- 6 |  7- 9 | 10-12 || total
---------------------------+-------+-------+-------+-------++-------
  Melee: Unarmed           |    77 |   125 |   227 |    47 ||   476
         Kick              |       |       |    18 |    17 ||    35
  Throw: Throwing net      |       |       |     1 |       ||     1
    Use: Scroll            |       |       |    20 |     5 ||    25
         Potion            |       |       |     2 |       ||     2
   Stab: Paralysed         |       |     4 |    11 |     3 ||    18
         Held in net/web   |       |       |     1 |       ||     1
 Armour: Robe              |    21 |    24 |    40 |    11 ||    96
  Dodge: Dodged            |    35 |    60 |   148 |    37 ||   280
